 Dungeon Sprint DCSS version 0.32-a0-42-ga30500b4d3 (webtiles) character file.

Game seed: 6758483605760511816

45593 rocky1 the Slayer (level 14, -1/120 HPs)
             Began as a Gargoyle Fighter on Jan 27, 2024.
             Was an Initiate of Gozag.
             Slain by a vampire knight
             ... wielding a +0 dire flail of protection
              (2 damage)
             ... in the Dungeon (Sprint VII: "The Pits").
             The game lasted 00:25:45 (5803 turns).

rocky1 the Slayer (Gargoyle Fighter)                Turns: 5803, Time: 00:25:45

Health: -1/120     AC: 35    Str: 26    XL:     14   Next: 33%
Magic:  14/14      EV: 14    Int:  9    God:    Gozag
Gold:   2825       SH: 20    Dex: 11    Spells: 13/13 levels left

rFire   + . .        I - +3 demon whip (flame)
rCold   + + .        y - +1 tower shield {rC+}
rNeg    + + .        E - +4 ring mail "Sofeby" {Rampage rF+ rN+ Stlth+}
rPois   ∞            J - +1 helmet
rElec   +            v - +0 cloak
rCorr   .            r - +0 pair of gloves {Str+3}
SInv    .            w - +3 pair of seven-league boots {Rampage+∞}
Will    +....        G - dreamdust necklace {Acrobat}
Stlth   ++           q - +3 ring of protection
HPRegen 0.40/turn    D - ring of protection from cold
MPRegen 0.14/turn

%: no teleportation, acrobat, rampage+∞
@: gold aura, flying, studying Unarmed Combat
A: sickness immunity, AC +10, big wings, negative energy resistance 1,
electricity resistance, torment resistance 1, petrification resistance
a: Renounce Religion, Potion Petition, Call Merchant, Bribe Branch


You were in the Dungeon.
You worshipped Gozag.
Gozag was most pleased with you.
You visited 1 branch You collected 14449 gold pieces.
You spent 3698 gold pieces at shops.
You paid 7926 gold pieces to Gozag.

Inventory:

Hand Weapons
 l - a +0 eveningstar of draining
 x - a +2 morningstar of protection
 z - a +1 antimagic hand cannon
 I - a +3 demon whip of flaming (weapon)
Missiles
 a - 6 javelins (quivered)
 c - 3 throwing nets
Armour
 b - a +0 kite shield
 r - a +0 pair of gloves of strength (worn)
 u - a +0 helmet
 v - a +0 cloak (worn)
 w - the +3 pair of seven-league boots (worn) {Rampage+∞}
   (You bought it in a shop in the Dungeon)

   Rampage+∞: When moving toward enemies, its wearer moves as far as possible,
   alerting their target en route.
 y - a +1 tower shield of cold resistance (worn)
 A - a +2 pair of gloves of hurling
 E - the +4 ring mail "Sofeby" (worn) {Rampage rF+ rN+ Stlth+}
   (You bought it in a shop in the Dungeon)

   rF+:       It protects you from fire.
   rN+:       It protects you from negative energy.
   Rampage:   It bestows one free step when moving towards enemies.
   Stlth+:    It makes you more stealthy.
 F - a +3 plate armour of cold resistance
 J - a +1 helmet (worn)
Jewellery
 q - a +3 ring of protection (left hand)
 D - a ring of protection from cold (right hand)
 G - the dreamdust necklace (around neck) {Acrobat}
   (You took it off a spriggan in the Dungeon)

   [amulet of the acrobat]

   Acrobat:   It increases your evasion while moving and waiting.
Wands
 i - a wand of flame (19)
 p - a wand of roots (6)
 C - a wand of paralysis (8)
 H - a wand of mindburst (7)
Scrolls
 j - 2 scrolls of fog
 k - a scroll of revelation
 m - 3 scrolls of enchant armour
 n - a scroll of summoning
 o - 2 scrolls of blinking
 K - a scroll of fear
 N - a scroll of silence
 O - a scroll of poison
Potions
 d - a potion of might
 e - 9 potions of curing
 f - 6 potions of heal wounds
 h - 4 potions of magic
 s - 3 potions of mutation
 t - a potion of brilliance
 B - a potion of lignification


   Skills:
 * Level 26.2 Fighting
 + Level 20.3 Maces & Flails
 + Level 12.3 Armour
 + Level 10.3 Dodging
 + Level 18.4 Shields


You had 13 spell levels left.
You didn't know any spells.
Your spell library contained the following spells:

 Spells                   Type           Power      Damage    Failure   Level
 Necrotise                Necr           0%         1d4       69%         1
 Shock                    Conj/Air       0%         1d3       69%         1
 Hailstorm                Conj/Ice       0%         3d5       96%         3
 Summon Ice Beast         Ice/Summ       0%         N/A       96%         3
 Sculpt Simulacrum        Ice/Alch       0%         N/A       100%        6
 Infestation              Necr           0%         N/A       100%        8
 Maxwell's Capacitive Co  Air            0%         ∞         100%        8


Dungeon Overview and Level Annotations

Branches:
Dungeon (1/1)

Altars:
Ashenzari
Cheibriados
Dithmenos
Elyvilon
Fedhas
Gozag
Hepliaklqana
Kikubaaqudgha
Makhleb
Nemelex Xobeh
Okawaru
Qazlal
Ru
Sif Muna
Trog
Uskayaw
Vehumet
Wu Jian
Xom
Yredelemnul
Zin
The Shining One
Jiyva
Lugonu

Shops:
D [([?*


Innate Abilities, Weirdness & Mutations

You are immune to sickness and miasma.
Your stone body is resilient. (AC +10)
You are immune to poison.
Your large and strong wings let you fly.
You resist negative energy. (rN+)
You are resistant to electric shocks. (rElec)
You are resistant to unholy torment.
You are immune to petrification.


Message History

You are too injured to fight recklessly!
You are too injured to fight recklessly!
You are too injured to fight recklessly!
You are too injured to fight recklessly!
You are too injured to fight recklessly!
You are too injured to fight recklessly!
You are too injured to fight recklessly!
Unknown command.
You are too injured to fight recklessly!
You thrash something!! You burn something.
You hear some strange, mumbled words.
Something tries to affect you, but you resist.
A hell beast comes into view.
The hell beast's many legs skitter faintly.
You hit something but do no damage.
You hear some strange, mumbled words.
You suddenly lose the ability to move!
The mummy priest mumbles some strange prayers to its god against you.
Something smites you! Something hits you!
* * * LOW HITPOINT WARNING * * *
Something bites you but does no damage. Something hits you!
* * * LOW HITPOINT WARNING * * *
Something bites you but does no damage. Something hits you.
* * * LOW HITPOINT WARNING * * *
Something bites you but does no damage. Something hits you!
* * * LOW HITPOINT WARNING * * *
Something bites you.
Your necklace shatters, unleashing a wave of protective dreams!
You see a puff of smoke. x2; You dream of life, and clouds.
Something hits you but does no damage. Something bites you!
The hell beast is distracted by your dazzling golden aura.
Something hits you but does no damage. Something bites you but does no damage.
You can move again.
Unknown command.
You miss something. Something hits you.
You die...
Your body crumbles into a pile of gold.

### ++#### #####+ ###...
....#### #.....
..M..§##§§....#####.....
.....§§§{§.......)'..#..
.....2§@§§.......)'.....
###################.....
#######################..#..
#....................++.....
#....................++....∩
#..################..##..#..
#.))#.#.#)#|#.#.#.#..##.....
#..#.#)#)#.#.#.#.##..##.....
#..##.#)#)#.#.#)#.#..####++#


You could see a hell beast (unaware).

Vanquished Creatures
  2 deep elf blademasters (D)
  An emperor scorpion (D)
  A reaper (D)
  2 orc warlords (D)
  A green draconian (D)
  A dire elephant (D)
  A red draconian (D)
  2 deep elf high priests (D)
  2 yaktaur captains (D)
  3 vault guards (D)
  Harold (D)
  A boulder beetle (D)
  A hydra (D)
  An ogre mage (D)
  2 anacondas (D)
  A death knight (D)
  4 two-headed ogres (D)
  3 naga warriors (D)
  An occultist (D)
  Urug (D)
  A sun demon (D)
  3 hell knights (D)
  2 fire crabs (D)
  A shadow wraith (D)
  A sea snake (D)
  A deep troll (D)
  An arcanist (D)
  10 orc knights (D)
  A swamp dragon (D)
  2 deep elf zephyrmancers (D)
  3 necromancers (D)
  An orc sorcerer (D)
  A manticore (D)
  Maurice (D)
  A cyclops (D)
  An eye of devastation (D)
  A rust devil (D)
  A naga mage (D)
  2 orange demons (D)
  A cane toad (D)
  A guardian mummy (D)
  2 yaktaurs (D)
  A red devil (D)
  An ice devil (D)
  2 wandering mushrooms (D)
  A tyrant leech (D)
  2 merfolk (D)
  3 hellwings (D)
  2 trolls (D)
  A tarantella (D)
  3 hornets (D)
  A wind drake (D)
  A glass eye (D)
  A jumping spider (D)
  A snapping turtle (D)
  3 spriggans (D)
  A water elemental (D)
  An air elemental (D)
  A vampire (D)
  2 wyverns (D)
  5 yaks (D)
  A warg (D)
  5 redbacks (D)
  2 steam dragons (D)
  An acid dragon (D)
  Edmund (D)
  3 orc warriors (D)
  A crocodile (D)
  4 ogres (D)
  A centaur (D)
  A brain worm (D)
  2 bullfrogs (D)
  A gnoll sergeant (D)
  A scorpion (D)
  3 earth elementals (D)
  A crimson imp (D)
  A quasit (D)
  2 orc priests (D)
  A gnoll bouda (D)
  A hound (D)
  An iron imp (D)
  An orc wizard (D)
  10 gnolls (D)
  An adder (D)
  A river rat (D)
  5 orcs (D)
  A bat (D)
  A bat skeleton (D)
  An endoplasm (D)
  A hobgoblin (D)
  2 kobolds (D)
  A ball python (D)
  A ball python simulacrum (D)
  2 rats (D)
166 creatures vanquished.

Vanquished Creatures (others)
  An orc knight (D)
  A gnoll (D)
  An orc (D)
3 creatures vanquished.

Grand Total: 169 creatures vanquished

Notes
Turn   | Place    | Note
-------+----------+-------------------------------------------
     0 | D        | rocky1 the Gargoyle Fighter began the quest for the Orb.
     0 | D        | Reached XP level 1. HP: 14/14 MP: 1/1
    20 | D        | Found a bloodstained altar of Trog.
    20 | D        | Found a shimmering blue altar of Sif Muna.
    20 | D        | Found a viscous altar of Jiyva.
    20 | D        | Found a hazy altar of Hepliaklqana.
    20 | D        | Found an opulent altar of Gozag.
    43 | D        | Found a glowing golden altar of the Shining One.
    43 | D        | Found a glowing silver altar of Zin.
    43 | D        | Found a basalt altar of Yredelemnul.
    43 | D        | Found a shimmering altar of Xom.
    43 | D        | Found an ornate altar of the Wu Jian Council.
    43 | D        | Found a sacrificial altar of Ru.
    43 | D        | Found a stormy altar of Qazlal.
    43 | D        | Found an iron altar of Okawaru.
    43 | D        | Found a sparkling altar of Nemelex Xobeh.
    43 | D        | Found a burning altar of Makhleb.
    43 | D        | Found a blossoming altar of Fedhas.
    43 | D        | Found a white marble altar of Elyvilon.
    43 | D        | Found a shadowy altar of Dithmenos.
    43 | D        | Found a snail-covered altar of Cheibriados.
    46 | D        | Found a corrupted altar of Lugonu.
    46 | D        | Found a radiant altar of Vehumet.
    47 | D        | Found an ancient bone altar of Kikubaaqudgha.
    47 | D        | Found a hide-covered altar of Uskayaw.
    47 | D        | Found a broken altar of Ashenzari.
    50 | D        | Became a worshipper of Gozag Ym Sagoz the Greedy
    69 | D        | Reached skill level 4 in Fighting
    69 | D        | Reached XP level 2. HP: 19/20 MP: 2/2
   518 | D        | Noticed a crocodile
   528 | D        | Killed a crocodile
   529 | D        | Reached skill level 6 in Fighting
   529 | D        | Reached skill level 5 in Shields
   529 | D        | Reached XP level 3. HP: 28/28 MP: 3/3
   529 | D        | Reached XP level 4. HP: 32/32 MP: 4/4
   530 | D        | Reached skill level 7 in Fighting
   604 | D        | Noticed Edmund
   611 | D        | Noticed a glass eye
   616 | D        | Reached skill level 1 in Dodging
   616 | D        | Reached XP level 5. HP: 38/38 MP: 5/5
   620 | D        | Reached skill level 5 in Maces & Flails
   624 | D        | Reached skill level 8 in Fighting
   632 | D        | Killed a glass eye
   633 | D        | Reached skill level 9 in Fighting
   633 | D        | Reached XP level 6. HP: 36/47 MP: 6/6
   638 | D        | Killed Edmund
   639 | D        | Reached skill level 10 in Fighting
   639 | D        | Reached XP level 7. HP: 20/52 MP: 7/7
   921 | D        | Noticed a boulder beetle
  1235 | D        | Noticed a troll
  1235 | D        | Noticed a yak
  1235 | D        | Noticed a yak
  1235 | D        | Noticed a yak
  1235 | D        | Noticed a yak
  1235 | D        | Noticed a yak
  1245 | D        | Killed a yak
  1251 | D        | Killed a yak
  1252 | D        | Reached skill level 11 in Fighting
  1252 | D        | Reached XP level 8. HP: 51/60 MP: 8/8
  1255 | D        | Killed a yak
  1263 | D        | Killed a troll
  1264 | D        | Reached skill level 10 in Maces & Flails
  1271 | D        | Killed a yak
  1272 | D        | Reached skill level 12 in Fighting
  1279 | D        | Killed a yak
  1280 | D        | Reached skill level 10 in Armour
  1523 | D        | Killed a boulder beetle
  1524 | D        | Reached skill level 13 in Fighting
  1524 | D        | Reached XP level 9. HP: 41/68 MP: 9/9
  1848 | D        | Noticed a cane toad
  1854 | D        | Killed a cane toad
  1871 | D        | Noticed Urug
  1884 | D        | Killed Urug
  1885 | D        | Reached skill level 14 in Fighting
  2203 | D        | Noticed a troll
  2209 | D        | Killed a troll
  2215 | D        | Reached XP level 10. HP: 69/75 MP: 10/10
  2248 | D        | Noticed a swamp dragon
  2257 | D        | Killed a swamp dragon
  2258 | D        | Reached skill level 5 in Dodging
  2266 | D        | Noticed a two-headed ogre
  2273 | D        | Killed a two-headed ogre
  2274 | D        | Reached skill level 15 in Fighting
  2282 | D        | Noticed a deep troll
  2296 | D        | Killed a deep troll
  2689 | D        | Noticed an orc sorcerer
  2689 | D        | Noticed a cyclops
  2722 | D        | Killed an orc sorcerer
  2723 | D        | Reached skill level 15 in Maces & Flails
  2727 | D        | Killed a cyclops
  2728 | D        | Reached skill level 16 in Fighting
  2728 | D        | Reached skill level 10 in Shields
  2820 | D        | Reached XP level 11. HP: 67/83 MP: 11/11
  2955 | D        | Noticed a deep elf zephyrmancer
  2960 | D        | Noticed an orc knight
  3024 | D        | Killed an orc knight
  3038 | D        | Killed a shadow wraith
  3039 | D        | Reached skill level 17 in Fighting
  3093 | D        | Killed a deep elf zephyrmancer
  3126 | D        | Noticed a deep elf zephyrmancer
  3140 | D        | Killed a deep elf zephyrmancer
  3285 | D        | Bought the +4 ring mail "Sofeby" {Rampage rF+ rN+ Stlth+}
                  | for 540 gold pieces
  3302 | D        | Bought a scorched helmet for 171 gold pieces
  3302 | D        | Identified the +1 helmet "Zinof" {Rampage rF+ Slay-5 SInv}
                  | (You bought it in a shop in the Dungeon)
  3302 | D        | Bought the +3 pair of seven-league boots {Rampage+∞} for
                  | 720 gold pieces
  3302 | D        | Found the +3 pair of seven-league boots {Rampage+∞}
  3302 | D        | Bought a pair of glowing gloves for 135 gold pieces
  3313 | D        | Bought a shiny chain mail for 135 gold pieces
  3313 | D        | Bought a runed plate armour for 468 gold pieces
  3319 | D        | Noticed a sea snake
  3325 | D        | Killed a sea snake
  3326 | D        | Reached skill level 18 in Fighting
  3443 | D        | Noticed a manticore
  3443 | D        | Noticed a spriggan rider
  3452 | D        | Killed a manticore
  3505 | D        | Noticed Harold
  3506 | D        | Noticed an anaconda
  3513 | D        | Killed Harold
  3542 | D        | Killed an anaconda
  3543 | D        | Reached skill level 19 in Fighting
  3543 | D        | Reached XP level 12. HP: 78/95 MP: 12/12
  3931 | D        | Noticed an emperor scorpion
  3931 | D        | Noticed a deep elf high priest
  3931 | D        | Noticed a green draconian
  3931 | D        | Noticed a sun demon
  3946 | D        | Killed a sun demon
  3952 | D        | Killed an emperor scorpion
  3969 | D        | Killed a green draconian
  3970 | D        | Reached skill level 20 in Fighting
  3987 | D        | Killed a deep elf high priest
  4344 | D        | Noticed a death knight
  4344 | D        | Noticed a hell knight
  4344 | D        | Noticed a naga warrior
  4350 | D        | Killed a naga warrior
  4364 | D        | Killed a death knight
  4365 | D        | Reached skill level 15 in Shields
  4376 | D        | Killed a hell knight
  4445 | D        | Noticed a hell knight
  4457 | D        | Killed a hell knight
  4469 | D        | Reached skill level 21 in Fighting
  4469 | D        | Reached XP level 13. HP: 51/104 MP: 13/13
  4472 | D        | Identified the +5 mace of True Grit {protect, *Slow rCorr
                  | Int+7}
  4532 | D        | Noticed Maurice
  4537 | D        | Reached skill level 22 in Fighting
  4540 | D        | Noticed a deep elf high priest
  4547 | D        | Killed a deep elf high priest
  4559 | D        | Killed Maurice
  4569 | D        | Got the Monograph on Lightning and Necromancy
  4860 | D        | Noticed a yaktaur captain
  4860 | D        | Noticed an orc warlord
  4860 | D        | Noticed an orc warlord
  4860 | D        | Noticed a vault guard
  4862 | D        | Noticed a vault guard
  4862 | D        | Noticed a yaktaur captain
  4862 | D        | Noticed a dire elephant
  4913 | D        | Killed an orc warlord
  4923 | D        | Killed an orc warlord
  4924 | D        | Reached skill level 23 in Fighting
  4934 | D        | Killed a yaktaur captain
  4949 | D        | Noticed a vault guard
  4964 | D        | Reached skill level 24 in Fighting
  4973 | D        | Killed a vault guard
  4977 | D        | Reached skill level 10 in Dodging
  4977 | D        | Noticed a reaper
  4986 | D        | Killed a vault guard
  4987 | D        | Gained mutation: Your large and strong wings let you fly.
                  | [Gargoyle growth]
  4987 | D        | Reached XP level 14. HP: 50/116 MP: 14/14
  4998 | D        | Killed a reaper
  5003 | D        | Killed a dire elephant
  5004 | D        | Reached skill level 25 in Fighting
  5039 | D        | Noticed a deep elf blademaster
  5049 | D        | Killed a deep elf blademaster
  5352 | D        | Bought a potion of curing for 30 gold pieces
  5352 | D        | Bought a wand of paralysis (3) for 72 gold pieces
  5352 | D        | Bought a scroll of enchant armour for 75 gold pieces
  5595 | D        | Bought a scroll of fear for 64 gold pieces
  5595 | D        | Bought a scroll of acquirement for 832 gold pieces
  5595 | D        | Bought a scroll of blinking for 120 gold pieces
  5595 | D        | Bought a scroll of enchant weapon for 120 gold pieces
  5595 | D        | Bought a scroll of silence for 152 gold pieces
  5595 | D        | Bought a scroll of poison for 64 gold pieces
  5595 | D        | Acquired a manual of Unarmed Combat
  5607 | D        | Noticed a red draconian
  5607 | D        | Noticed a deep elf blademaster
  5630 | D        | Killed a deep elf blademaster
  5647 | D        | Killed a red draconian
  5648 | D        | Reached skill level 26 in Fighting
  5779 | D        | Noticed a vampire knight
  5798 | D        | Paralysed by something for 4 turns
  5801 | D        | HP: 4/120 [something (11)]
  5801 | D        | Saved by the dreamshard amulet
  5803 | D        | Slain by a vampire knight

Illustrated notes

Levels and vault maps discovered:
D:        pitsprint [storerooms_1, entrance_room_1, metal_vault_6, armoury_1,
          mini_pit_1, grid_room_1, main_hall_1, silver_pit, the_coven_1,
          the_vestibule_1, steel_vault_1, golden_pit, hallway_of_sentries,
          crystal_vault_5, iron_vault_2, final_vault]

Skill      XL: |  1  2  3  4  5  6  7  8  9 10 11 12 13 14 |
---------------+-------------------------------------------+-----
Fighting       | 4 6 7 9 10 11 13 14 16 19 21 24 26 | 26.2
Armour         | 4 6 8 9 10 11 12 | 12.3
Shields        | 4 5 6 7 8 10 12 15 17 18 | 18.4
Maces & Flails | 4 7 9 11 13 15 17 18 19 20 | 20.3
Dodging        | 1 2 3 4 6 7 9 10 | 10.3

Action                     |  1- 3 |  4- 6 |  7- 9 | 10-12 | 13-15 || total
---------------------------+-------+-------+-------+-------+-------++-------
  Melee: Flail             |    43 |     5 |       |       |       ||    48
         Mace              |       |    21 |    67 |       |       ||    88
         Morningstar       |       |       |    61 |   449 |    91 ||   601
         Demon whip        |       |       |       |       |   219 ||   219
 Invoke: Potion Petition   |       |       |     1 |     1 |     6 ||     8
         Call Merchant     |       |       |       |     3 |     2 ||     5
    Use: Potion            |     2 |     2 |     4 |    13 |     1 ||    22
         Scroll            |       |       |       |     1 |     5 ||     6
   Stab: Distracted        |     1 |       |       |     2 |     3 ||     6
         Invisible         |       |       |     2 |    14 |    19 ||    35
 Armour: Scale mail        |    40 |     2 |       |       |       ||    42
         Chain mail        |       |    32 |    54 |       |       ||    86
         Ring mail         |       |       |    39 |   258 |   111 ||   408
  Dodge: Dodged            |    26 |    21 |    65 |   161 |    55 ||   328
  Block: Buckler           |     8 |     5 |    39 |    10 |       ||    62
         Kite shield       |       |       |       |   212 |    47 ||   259
         Tower shield      |       |       |       |       |    37 ||    37

Table legend: (Time is in decaauts)
 A = Elapsed time spent in this place.
 B = Non-inter-level travel time spent in this place.
 C = Inter-level travel time spent in this place.
 D = Time resting spent in this place.
 E = Time spent auto-exploring this place.
 F = Levels seen in this place.
 G = Mean time per level.
                   A        B        C        D        E       F      G
               +--------+--------+--------+--------+--------+-----+--------+
         Total |   5582 |   5564 |     18 |   3030 |      0 |   1 | 5582.0 |
       Dungeon |   5582 |   5564 |     18 |   3030 |      0 |   1 | 5582.0 |
               +--------+--------+--------+--------+--------+-----+--------+

Top non-repeatable levels by time:
       D: 5582 daAuts
